 Dungeon Crawl Stone Soup version 0.29-a0-284-gf9362112df (webtiles) character file.

Game seed: 8270456637193796745

186 spaghetti the Insei (level 5, -3/39 (40) HPs)
             Began as a Demonspawn Transmuter on Mar 24, 2022.
             Slain by Crazy Yiuf
             ... wielding a +4 quarterstaff of chaos
              (12 damage)
             ... on level 3 of the Dungeon.
             The game lasted 00:05:04 (3730 turns).

spaghetti the Insei (Demonspawn Transmuter)         Turns: 3730, Time: 00:05:05

HP:   -3/39 (40)    AC:  6    Str:  8      XL:     5   Next: 38%
MP:   7/8           EV: 12    Int: 14 (16) God:
Gold: 106           SH:  0    Dex: 12 (14) Spells: 5/8 levels left

rFire   . . .      SeeInvis .   l - +9 club {mace}
rCold   . . .      Faith    .   (no shield)
rNeg    . . .      Spirit   .   a - +0 robe
rPois   .          Reflect  .   (no helmet)
rElec   .          Harm     .   (no cloak)
rCorr   .          Rampage  .   (no gloves)
Will    .....                   r - +1 pair of boots
Stlth   +.........              (no amulet)
HPRegen 0.13/turn               (no ring)
MPRegen 0.11/turn               (no ring)

@: mighty, wereblooded, lightly drained
A: claws 1, rugged brown scales 2, powered by pain 1, talons 1, weak 1
a: no special abilities


You were on level 3 of the Dungeon.
You visited 1 branch of the dungeon, and saw 3 of its levels.

You collected 106 gold pieces.


Innate Abilities, Weirdness & Mutations

You have sharp fingernails.
You are mostly covered in rugged brown scales. (AC +2, +5% HP)
You sometimes gain a little power by taking damage.
You have sharp toenails.
You are weak. (Str -2)


   Skills:
 + Level 2.4 Fighting
 - Level 1.7 Dodging
 - Level 4.3 Unarmed Combat
 - Level 2.0 Spellcasting
 + Level 2.7 Transmutations
 + Level 1.2 Earth Magic


You had 5 spell levels left.
You knew the following spells:

 Your Spells              Type           Power      Damage    Failure   Level
a - Beastly Appendage     Tmut           18%        N/A       8%          1
b - Wereblood             Tmut           9%         N/A       12%         2

Your spell library contained the following spells:

 Spells                   Type           Power      Damage    Failure   Level
 Magic Dart               Conj           4%         1d3       24%         1
 Slow                     Hex            4%         N/A       24%         1
 Call Imp                 Summ           1%         N/A       34%         2
 Spider Form              Tmut/Pois      5%         N/A       38%         3
 Confusing Touch          Hex            1%         N/A       56%         3
 Mephitic Cloud           Conj/Pois/Air  1%         N/A       56%         3
 Vampiric Draining        Necr           1%         2d6       56%         3
 Ice Form                 Ice/Tmut       5%         N/A       80%         4

Inventory:

Hand Weapons
 l - a +9 club (weapon) {mace}
   (You took it off Jessica on level 3 of the Dungeon)
Missiles
 e - 21 stones (quivered) {throwing}
 k - 5 poisoned darts {throwing}
Armour
 a - a +0 robe (worn)
 r - a +1 pair of boots (worn)
   (You found it on level 2 of the Dungeon)
Magical Staves
 u - a staff of earth {!astaff}
   (You found it on level 3 of the Dungeon)
Scrolls
 b - a scroll of vulnerability {unknown}
 d - a scroll of enchant weapon {unknown}
 j - 3 scrolls of identify {unknown}
 n - 2 scrolls of teleportation {unknown}
 p - a scroll of magic mapping {unknown}
 t - a scroll of immolation {unknown}
Potions
 c - 2 potions of mutation {!q}
 i - a potion of degeneration {!q@e2}
 s - 2 potions of curing {unknown}
 v - a potion of flight {unknown}

Dungeon Overview and Level Annotations

Branches:
Dungeon (3/15)

Altars:
Elyvilon
Trog
Zin

Annotations:
D:3 Crazy Yiuf

..#.#..#.##.........#
..#<#....############
....#..).# ....#....#
##### ....#....#
#..)# .........###
#...# ....#.#....#
... ....#.#....# #g#
..#.#.##...# ##@#
#.#.....>..# #.##
#.#........# ##.#
#.#..##....# #.##
#.#.....##.# ##.##
#.#.###.##.# #...##
#..........# #....#
..#.###.#..# #....#
#..........###....###


You could see Crazy Yiuf.


Message History

The stone {throwing} hits the hobgoblin but does no damage.
You throw a stone {throwing}.
The stone {throwing} hits the hobgoblin but does no damage.
The hobgoblin hits you.
You closely miss the hobgoblin. The hobgoblin hits you.
You hit the hobgoblin. The hobgoblin misses you. 😕 HP[-4]
You take 4 damage, and now have 36/40 hp.
You hit the hobgoblin.
You kill the hobgoblin!
No target in view! 😕 HP[+1] No target in view!
No target in view!
No target in view!
No target in view!
No target in view!
No target in view!
No target in view!
No target in view!
No target in view!
No target in view!
You see here a hobgoblin corpse.
e - 16 stones {throwing} (gained 1)
e - 17 stones {throwing} (gained 1)
e - 18 stones {throwing} (gained 1)
e - 19 stones {throwing} (gained 1)
e - 21 stones {throwing} (gained 2) Key pressed, stopping explore.
You see here a hobgoblin corpse.
Key pressed, stopping explore.
Crazy Yiuf shouts! 😎 HP[+3]
Your hp is fully restored (40).
Could not explore, unopened runed door.
Casting: Wereblood (safe; 12% risk of failure)
Confirm with . or Enter, or press ? or * to list all spells.
Your blood is infused with primal strength. 😎 MP[-2]
You lost 2 mp, and now have 6/8 mp.
Casting: Wereblood (safe; 12% risk of failure)
Confirm with . or Enter, or press ? or * to list all spells.
You grow a pair of large bovine horns.
Your +1 pair of boots melds into your body.
Crazy Yiuf says, "Rot!
Action mumblescurry sing." 😎 MP[-1]
You lost 1 mp, and now have 5/8 mp.
You open the door. You hit Crazy Yiuf. You claw Crazy Yiuf, but do no damage.
Crazy Yiuf hits you with a +4 quarterstaff of chaos!
You focus on the pain.
You feel your power returning.
Crazy Yiuf hits you with a +4 quarterstaff of chaos!
* * * LOW HITPOINT WARNING * * *
Crazy Yiuf burns you.
* * * LOW HITPOINT WARNING * * *
😱 HP[-31] MP[+3]
You take 31 damage, and now have 9/40 hp.
MASSIVE DAMAGE!! (PAUSE)
Your mp is fully restored (8).
You feel much better.
Crazy Yiuf hits you with a +4 quarterstaff of chaos!
Crazy Yiuf freezes you.
* * * LOW HITPOINT WARNING * * *
😨 HP[+8]
You regained 8 hp, and now have 17/40 hp.
It was a potion of cancellation.
Your magical effects are unravelling.
You feel magically purged.
Your horns disappear.
Your +1 pair of boots unmelds from your body.
Your primal bloodlust has ended.
Crazy Yiuf hits you but does no damage.
Casting: Beastly Appendage (safe; 8% risk of failure)
Confirm with . or Enter, or press ? or * to list all spells.
Your blood is infused with primal strength.
Crazy Yiuf hits you with a +4 quarterstaff of chaos.
* * * LOW HITPOINT WARNING * * *
You feel drained. 😨 HP[-5] MP[-2]
You now have 39 max hp (-1).
You take 5 damage, and now have 12/39 hp.
You lost 2 mp, and now have 6/8 mp.
It was a potion of might.
You feel very mighty all of a sudden. Crazy Yiuf closely misses you.
You sock Crazy Yiuf!
Crazy Yiuf hits you with a +4 quarterstaff of chaos.
* * * LOW HITPOINT WARNING * * *
You feel mightier all of a sudden. 😱 HP[-3]
You take 3 damage, and now have 9/39 hp.
Okay, then.
You aren't carrying any items that you can evoke.
Press: ? - help, v - describe, . - travel
Here: Crazy Yiuf, wielding a +4 quarterstaff of chaos and wearing a +2 cloak (severely wounded)
An open translucent door, spattered with blood.
Unknown command.
You hit Crazy Yiuf.
Crazy Yiuf hits you with a +4 quarterstaff of chaos!
You die...

Skill      XL: |  1  2  3  4 |
---------------+-------------+-----
Transmutations | 2 |  2.7
Unarmed Combat | 3 4 |  4.3
Fighting       | 2 |  2.4
Earth Magic    | 1 |  1.2
Dodging        | |  1.7
Spellcasting   | |  2.0

Action                   |  1- 3 |  4- 6 || total
-------------------------+-------+-------++-------
Melee: Unarmed           |   123 |     3 ||   126
       Headbutt          |     2 |     1 ||     3
       Kick              |     1 |     1 ||     2
       Punch             |     1 |     1 ||     2
       Club              |       |    32 ||    32
Throw: Stone             |    90 |    21 ||   111
 Cast: Beastly Appendage |     2 |     5 ||     7
       Wereblood         |       |     6 ||     6
  Use: Potion            |     1 |     7 ||     8
Armor: Skin              |    10 |       ||    10
       Robe              |    26 |     6 ||    32
Dodge: Dodged            |    63 |    25 ||    88

Levels and vault maps discovered:
D:1:      dpeg_arrival_arbitrary_b, layout_loops_ring, kennysheep_flooded_box,
          chequers_serial_rivers_micro_b, minmay_crystal_room,
          minmay_statues_item
D:2:      layout_loops_ring, minmay_lizard_king
D:3:      wad_crossroads, layout_basic, minitemple, uniq_crazy_yiuf_cottage,
          uniq_jessica

Notes
Turn   | Place    | Note
-------+----------+-------------------------------------------
     0 | D:1      | spaghetti the Demonspawn Transmuter began the quest for the
                  | Orb.
     0 | D:1      | Reached XP level 1. HP: 15/15 MP: 3/3
     0 | D:1      | magus.rc [v1.9.6]
    96 | D:1      | You pick up a book of Debilitation and begin reading...
    96 | D:1      | You add the spells Slow, Vampiric Draining and Confusing
                  | Touch to your library.
   118 | D:1      | Reached skill level 2 in Transmutations
   137 | D:1      | HP: 3/15 [kobold/+0 short sword (4)]
   144 | D:1      | Gained mutation: You have sharp fingernails. [demonic
                  | ancestry]
   144 | D:1      | Reached XP level 2. HP: 4/21 MP: 1/5
   573 | D:1      | Reached skill level 3 in Unarmed Combat
  1065 | D:1      | Found a bloodstained altar of Trog.
  1137 | D:1      | Gained mutation: You are partially covered in rugged brown
                  | scales. (AC +1, +3% HP) [demonic ancestry]
  1137 | D:1      | Reached XP level 3. HP: 18/27 MP: 6/6
  1140 | D:1      | Learned a level 2 spell: Wereblood
  2278 | D:2      | Reached skill level 4 in Unarmed Combat
  2500 | D:3      | Gained mutation: You are mostly covered in rugged brown
                  | scales. (AC +2, +5% HP) [demonic ancestry]
  2500 | D:3      | Reached XP level 4. HP: 26/34 MP: 7/7
  2664 | D:3      | Noticed Jessica
  2667 | D:3      | Gained mutation: You are weak. (Str -2) [potion of
                  | mutation]
  2667 | D:3      | Gained mutation: You have sharp toenails. [potion of
                  | mutation]
  2672 | D:3      | Killed Jessica
  3315 | D:3      | You pick up a book of Debilitation and begin reading...
  3350 | D:3      | Noticed a scorpion
  3356 | D:3      | Killed a scorpion
  3357 | D:3      | Reached skill level 2 in Fighting
  3357 | D:3      | Reached skill level 1 in Earth Magic
  3357 | D:3      | Gained mutation: You sometimes gain a little power by
                  | taking damage. [demonic ancestry]
  3357 | D:3      | Reached XP level 5. HP: 39/39 MP: 8/8
  3409 | D:3      | You pick up a book of Minor Magic and begin reading...
  3409 | D:3      | You add the spells Magic Dart, Call Imp and Mephitic Cloud
                  | to your library.
  3717 | D:3      | Found a runed translucent door.
  3718 | D:3      | Noticed Crazy Yiuf
  3724 | D:3      | HP: 9/40 [Crazy Yiuf/+4 quarterstaff of chaos (5)]
  3729 | D:3      | HP: 9/39 [Crazy Yiuf/+4 quarterstaff of chaos (3)]
  3730 | D:3      | Slain by Crazy Yiuf

Vanquished Creatures
  A scorpion (D:3)
  Jessica (D:3)
  4 adders
  A dart slug (D:2)
  9 bats
  7 endoplasms
  2 giant cockroaches
  7 goblins
  5 hobgoblins
  5 jackals
  5 quokkas
  3 ball pythons
  5 frilled lizards (D:2)
  4 kobolds
  4 rats
63 creatures vanquished.

Vanquished Creatures (others)
  8 plants (D:2)
8 creatures vanquished.

Grand Total: 71 creatures vanquished

Table legend:
 A = Non-vault XP
 B = Vault XP
 C = Vault XP percentage of total XP
 D = Non-vault monster count
 E = Vault monster count
 F = Vault count percentage of total count
                 A         B        C        D         E       F
            +---------+---------+-------+---------+---------+-------
      Total |     181 |      85 |  32.0 |      53 |      10 |  15.9
            +---------+---------+-------+---------+---------+-------
        D:1 |      47 |       0 |   0.0 |      28 |       0 |   0.0
        D:2 |      44 |       5 |  10.2 |      16 |       5 |  23.8
        D:3 |      90 |      80 |  47.1 |       9 |       5 |  35.7
            +---------+---------+-------+---------+---------+-------

Illustrated notes

Table legend:
 A = Kills in this place as a percentage of kills in entire the game.
 B = Kills by you in this place as a percentage of kills by you in the entire game.
 C = Kills by friends in this place as a percentage of kills by friends in the entire game.
 D = Other kills in this place as a percentage of other kills in the entire game.
 E = Experience gained in this place as a percentage of experience gained in the entire game.
 F = Experience gained in this place divided by the number of levels of this place that you have seen.
                   A       B       C       D       E      F
               +-------+-------+-------+-------+-------+----------------------
         Total | 100.0 | 100.0 |   N/A |   N/A | 100.0 |  88.7
       Dungeon | 100.0 | 100.0 |   N/A |   N/A | 100.0 |  88.7
               +-------+-------+-------+-------+-------+----------------------

Table legend: (Time is in decaauts)
 A = Elapsed time spent in this place.
 B = Non-inter-level travel time spent in this place.
 C = Inter-level travel time spent in this place.
 D = Time resting spent in this place.
 E = Time spent auto-exploring this place.
 F = Levels seen in this place.
 G = Mean time per level.
                   A        B        C        D        E       F      G
               +--------+--------+--------+--------+--------+-----+--------+
         Total |   3758 |   3695 |     63 |    278 |   2974 |   3 | 1252.7 |
       Dungeon |   3758 |   3695 |     63 |    278 |   2974 |   3 | 1252.7 |
               +--------+--------+--------+--------+--------+-----+--------+

Top non-repeatable levels by time:
     D:1: 1559 daAuts
     D:3: 1315 daAuts
     D:2: 883 daAuts
